 Dungeon Crawl Stone Soup version 0.27-a0-1308-gc08437e49b (webtiles) character file.

Game seed: 9215315679112954266

107 mordus the Distorting Ant (level 5, -7/41 HPs)
             Began as a Formicid Abyssal Knight on June 18, 2021.
             Was a Believer of Lugonu.
             Mangled by an iguana (10 damage)
             ... on level 3 of the Dungeon.
             The game lasted 00:04:03 (3255 turns).

mordus the Distorting Ant (Formicid Abyssal Knight) Turns: 3255, Time: 00:04:03

Health: -7/41      AC:  6    Str: 17    XL:     5   Next: 11%
Magic:  7/7        EV: 10    Int: 12    God:    Lugonu [**....]
Gold:   127        SH:  0    Dex: 10    Spells: 4/4 levels left

rFire    . . .     SeeInvis +   a - +1 falchion
rCold    . . .     Faith    .   (no shield)
rNeg     . . .     Spirit   .   k - +0 ring mail
rPois    .         Reflect  .   (helmet unavailable)
rElec    .         Harm     .   (no cloak)
rCorr    .         Rampage  .   (no gloves)
Will     .....                  g - +0 pair of boots
Stlth    ..........             (no amulet)
HPRegen  0.13/turn              (no ring)
MPRegen  0.10/turn              (no ring)

@: no status effects
A: permanent stasis, dig shafts and tunnels, antennae 3, four strong arms
a: Dig, Shaft Self, Renounce Religion, Depart the Abyss, Bend Space


You were on level 3 of the Dungeon.
You worshipped Lugonu.
Lugonu was pleased with you.
You visited 1 branch of the dungeon, and saw 3 of its levels.
You visited the Abyss 1 time.

You collected 127 gold pieces.

Inventory:

Hand Weapons
 a - a +1 falchion (weapon)
 s - a +0 long sword
Missiles
 q - a throwing net
 r - 5 poisoned darts
Armour
 b - a +0 leather armour
 g - a +0 pair of boots (worn)
 k - a +0 ring mail (worn)
Jewellery
 f - a ring of willpower
 l - an amulet of magic regeneration
Scrolls
 d - 2 scrolls of enchant armour {unknown}
 e - a scroll of magic mapping {unknown}
 h - a scroll of torment {unknown}
 i - a scroll of teleportation {unknown}
 m - a scroll of brand weapon {unknown}
 n - a scroll of identify {unknown}
 o - a scroll of amnesia {unknown}
Potions
 c - a potion of berserk rage {unknown}
 j - a potion of resistance {unknown}
 p - a potion of curing {unknown}


   Skills:
 - Level 3.2 Fighting
 + Level 3.2 Long Blades
 + Level 3.5 Armour
 - Level 0.8 Dodging
 + Level 3.7 Invocations


You had 4 spell levels left.
You didn't know any spells.
Your spell library was empty.

Dungeon Overview and Level Annotations

Branches:
Dungeon (3/15)

Altars:

Shops:
D:1 *


Innate Abilities, Weirdness & Mutations

You cannot be hasted, slowed, berserked, paralysed or teleported.
You can dig through walls and to a lower floor.
You have a pair of large antennae on your head. (SInv)
Your four strong arms can wield two-handed weapons with a shield.


Message History

You hit the iguana but do no damage. The iguana barely misses you.
You hit the iguana.
The iguana is lightly wounded.
The iguana bites you.
You completely miss the iguana.
The iguana is lightly wounded.
The iguana closely misses you.
You riposte.
You closely miss the iguana.
The iguana is lightly wounded.
You hit the iguana but do no damage.
The iguana is lightly wounded.
The iguana barely misses you. x2
You barely miss the iguana.
The iguana is lightly wounded.
The iguana barely misses you.
You riposte.
You hit the iguana.
The iguana is lightly wounded.
You hit the iguana but do no damage.
The iguana is lightly wounded.
The iguana bites you.
You closely miss the iguana.
The iguana is lightly wounded.
The iguana bites you but does no damage.
You hit the iguana.
The iguana is heavily wounded.
The iguana bites you.
You hit the iguana.
The iguana is almost dead.
The iguana bites you!
* * * LOW HITPOINT WARNING * * *
You hit the iguana but do no damage.
The iguana is severely wounded.
The iguana hisses menacingly.
The iguana bites you!
* * * LOW HITPOINT WARNING * * *
You completely miss the iguana.
The iguana is severely wounded.
The iguana barely misses you. x2
You hit the iguana.
The iguana is almost dead.
The iguana bites you!
You die...

##.##
.#######.......##
#..##.# #.#####...
##.##.# #..# ##.#
#.##.# #..## #.# #
#.##.# #.# ##.#
#.##.##.# #. #..#
#....##.# #. #.##
###...#.### #
#######.# #....@l.#
#.......##
###.#.#.......####....
#......#.........###
...#........######
.#####..... .. ......
#. .....# #. ..#.


You could see an iguana.

Vanquished Creatures
  Jessica (D:3)
  3 adders (D:2)
  3 worms
  4 orcs (D:3)
  4 ball pythons
  3 endoplasms
  3 giant cockroaches
  2 goblins
  3 hobgoblins (D:2)
  4 jackals (D:2)
  4 kobolds
  2 bats (D:1)
  2 frilled lizards
  2 rats
40 creatures vanquished.

Notes
Turn   | Place    | Note
-------+----------+-------------------------------------------
     0 | Abyss:1  | mordus the Formicid Abyssal Knight began the quest for the
                  | Orb.
     0 | Abyss:1  | Reached XP level 1. HP: 18/18 MP: 2/2
    23 | D:1      | Escaped the Abyss
   209 | D:1      | Found Qudom's General Store.
   648 | D:1      | Reached XP level 2. HP: 24/24 MP: 3/3
  1278 | D:2      | Reached XP level 3. HP: 7/29 MP: 5/5
  1885 | D:2      | Reached XP level 4. HP: 25/35 MP: 6/6
  2150 | D:2      | Reached ** piety under Lugonu
  2444 | D:3      | Noticed Jessica
  2525 | D:3      | Killed Jessica
  2782 | D:3      | Reached XP level 5. HP: 38/41 MP: 7/7
  2853 | D:3      | Found a faded altar of an unknown god.
  3253 | D:3      | HP: 2/41 [iguana (7)]
  3255 | D:3      | Mangled by an iguana

Illustrated notes

Levels and vault maps discovered:
D:1:      lightli_arrival_boilingwater, layout_basic, serial_shops,
          nicolae_shop_waterfront
D:2:      layout_basic
D:3:      layout_rooms, basic_ecumenical_altar, uniq_jessica

Skill      XL: |  1  2  3  4 |
---------------+-------------+-----
Invocations    | 3 |  3.7
Armour         | 3 |  3.5
Long Blades    | 3 |  3.2
Fighting       | |  3.2
Dodging        | |  0.8

Action                   |  1- 3 |  4- 6 || total
-------------------------+-------+-------++-------
Melee: Falchion          |    67 |    74 ||   141
Armor: Leather armour    |    14 |       ||    14
       Ring mail         |     7 |    32 ||    39
Dodge: Dodged            |    45 |    39 ||    84
       Rpst.: Falchion   |    13 |    10 ||    23

Table legend: (Time is in decaauts)
 A = Elapsed time spent in this place.
 B = Non-inter-level travel time spent in this place.
 C = Inter-level travel time spent in this place.
 D = Time resting spent in this place.
 E = Time spent auto-exploring this place.
 F = Levels seen in this place.
 G = Mean time per level.
                   A        B        C        D        E       F      G
               +--------+--------+--------+--------+--------+-----+--------+
         Total |   3281 |   3244 |     37 |   1108 |   1735 |   4 |  820.2 |
       Dungeon |   3258 |   3221 |     37 |   1108 |   1715 |   3 | 1086.0 |
         Abyss |     23 |     23 |      0 |      0 |     20 |   1 |   23.0 |
               +--------+--------+--------+--------+--------+-----+--------+

Top non-repeatable levels by time:
     D:2: 1579 daAuts
     D:1: 923 daAuts
     D:3: 756 daAuts
 Abyss:1: 23 daAuts
